 Dungeon Crawl Stone Soup version 0.23-a0-622-g59b4ea9 (webtiles) character file.

1468 suvakkihuora the Cleaver (level 8, -2/79 HPs)
             Began as a Hill Orc Berserker on Dec 23, 2018.
             Was a Priest of Trog.
             Slain by Edmund
             ... wielding a +0 flail of protection
              (9 damage)
             ... on level 6 of the Dungeon.
             The game lasted 00:06:57 (2625 turns).

suvakkihuora the Cleaver (Hill Orc Berserker)       Turns: 2625, Time: 00:06:58

Health: -2/79      AC:  7    Str: 22    XL:     8   Next: 77%
Magic:  8/8        EV: 10    Int:  7    God:    Trog [***...]
Gold:   122        SH:  0    Dex: 10    Spells: 7/7 levels left

rFire    . . .     SeeInvis .   A - +1 whip (elec)
rCold    . . .     Gourm    .   (no shield)
rNeg     + . .     Faith    +   u - +0 scale mail
rPois    .         Spirit   .   (no helmet)
rElec    .         Reflect  .   s - scarf {repulsion}
rCorr    .         Harm     .   q - +0 pair of gloves (curse)
MR       +....                  (no boots)
Stlth    ..........             k - amulet of faith
HPRegen  0.23/turn              e - ring of positive energy
MPRegen  0.11/turn              o - ring of protection from magic

@: berserk cooldown, slowed, repel missiles, very slow
A: no striking features
a: Berserk, Trog's Hand, Renounce Religion


You were on level 6 of the Dungeon.
You worshipped Trog.
Trog was most pleased with you.
You were very hungry.

You visited 1 branch of the dungeon, and saw 6 of its levels.

You collected 122 gold pieces.

Inventory:

Hand Weapons
 a - a +0 hand axe
 v - a +2 flail of crushing
 y - a +0 battleaxe
 A - a +1 whip of electrocution (weapon)
Armour
 q - a cursed +0 pair of gloves (worn)
 s - a scarf of repulsion (worn)
 u - a +0 scale mail (worn)
Jewellery
 e - a ring of positive energy (left hand)
 k - an amulet of faith (around neck)
 o - a ring of protection from magic (right hand)
Wands
 z - a wand of enslavement (6)
Scrolls
 b - 2 scrolls of remove curse
 d - a scroll of fear {unknown}
 h - a scroll of immolation
 i - a scroll of amnesia {unknown}
 j - 2 scrolls of identify
 l - 3 scrolls of magic mapping
 n - a scroll of enchant armour {unknown}
 p - 3 scrolls of teleportation
 B - a scroll of noise {unknown}
Potions
 f - 2 potions of curing {unknown}
 g - 2 potions of flight {unknown}
 m - a potion of haste
 r - a potion of agility {unknown}
 t - 2 potions of mutation {unknown}
 w - 2 potions of heal wounds {unknown}
Comestibles
 c - 7 rations
 x - 4 chunks of flesh


   Skills:
 + Level 9.6 Fighting
 + Level 10.5 Axes
 - Level 2.1 Armour
 - Level 1.5 Dodging


You had 7 spell levels left.
You didn't know any spells.
Your spell library was empty.

Dungeon Overview and Level Annotations

Branches:
Dungeon (6/15)
 Temple: D:4-7

Altars:
Uskayaw

Annotations:
D:6 Edmund


Message History

* * * LOW HITPOINT WARNING * * *
The orc warrior closely misses you. The orc barely misses you.
Unknown command.
Unknown command.
Your surroundings suddenly seem different.
Found 14 stones.
Unknown command.
Unknown command.
A crimson imp and Edmund come into view.
Edmund is wielding a +0 flail of protection.
The crimson imp shouts!
A quokka comes into view.
Edmund moves out of view.
Found 10 gold pieces.
Edmund drinks a potion.
Edmund seems to speed up.
Found a ration.
Edmund hits you with a +0 flail of protection.
* * * LOW HITPOINT WARNING * * *
Edmund hits you with a +0 flail of protection!
You die...

#<#.#.####..$.
......%
##'#'#.# #....
.......
#......# #....
.......
#..[...# ....
.......
#......# ...
....$..
##+#+#.#
....(.. #...
.......######.#
#####
#..5@@....#
###########


You could see Edmund and a crimson imp.

Vanquished Creatures
  Pikel (D:5)
  An orc warrior (D:6)
  A slave (D:5)
  2 centaurs (D:5)
  2 phantoms (D:4)
  An ogre (D:5)
  A howler monkey (D:4)
  2 orc priests
  A bullfrog skeleton (D:4)
  2 hounds (D:4)
  Natasha (D:4)
  4 worker ants
  4 adders
  9 gnolls
  A howler monkey skeleton (D:4)
  A worm (D:2)
  A dart slug (D:2)
  3 orcs
  5 giant cockroaches (D:1)
  9 goblins
  9 hobgoblins
  4 jackals (D:4)
  3 quokkas
  7 bats
  6 frilled lizards
  3 kobolds
  9 rats
93 creatures vanquished.

Vanquished Creatures (others)
  An orc (D:6)
1 creature vanquished.

Grand Total: 94 creatures vanquished

Notes
Turn   | Place    | Note
-------+----------+-------------------------------------------
     0 | D:1      | suvakkihuora the Hill Orc Berserker began the quest for the
                  | Orb.
     0 | D:1      | Reached XP level 1. HP: 19/19 MP: 1/1
    99 | D:1      | Reached XP level 2. HP: 9/27 MP: 2/2
   335 | D:1      | Reached XP level 3. HP: 14/34 MP: 3/3
   594 | D:1      | Reached ** piety under Trog
   594 | D:1      | Reached skill level 5 in Axes
   897 | D:2      | Reached XP level 4. HP: 41/41 MP: 4/4
   903 | D:2      | Reached skill level 5 in Fighting
  1265 | D:2      | Reached XP level 5. HP: 43/48 MP: 5/5
  1425 | D:3      | Reached skill level 6 in Axes
  1503 | D:3      | You fall through a shaft for 2 floors!
  1503 | D:5      | Entered Level 5 of the Dungeon
  1507 | D:5      | Noticed a centaur
  1513 | D:5      | Killed a centaur
  1582 | D:4      | Reached XP level 6. HP: 57/57 MP: 6/6
  1593 | D:4      | Reached *** piety under Trog
  1700 | D:4      | Reached skill level 7 in Axes
  1952 | D:4      | Noticed a phantom
  1983 | D:4      | Killed a phantom
  1983 | D:4      | Reached XP level 7. HP: 50/66 MP: 7/7
  2020 | D:4      | Noticed Natasha
  2031 | D:4      | Killed Natasha
  2031 | D:4      | Reached skill level 8 in Axes
  2033 | D:4      | Noticed a -3 hand axe
  2033 | D:4      | Noticed a +0 dagger
  2034 | D:4      | Found a hide-covered altar of Uskayaw.
  2419 | D:5      | Noticed Pikel
  2438 | D:5      | Killed Pikel
  2438 | D:5      | Reached skill level 9 in Axes
  2438 | D:5      | Reached XP level 8. HP: 73/78 MP: 8/8
  2444 | D:5      | Reached skill level 10 in Axes
  2622 | D:6      | Noticed Edmund
  2625 | D:6      | Slain by Edmund

Vault maps used:
D:1:      onia_arrival_larder
D:2:      serial_rivers, chequers_serial_rivers_micro_c,
          chequers_serial_rivers_micro_e, chequers_serial_rivers_large_a,
          chequers_serial_rivers_micro_e
D:4:      dancing_weapons_uskayaw, uniq_natasha
D:5:      first_ration, lemuel_tele_altar, uniq_pikel
D:6:      minmay_temple_entry_trees, uniq_edmund

Skill      XL: |  1  2  3  4  5  6  7  8 |
---------------+-------------------------+-----
Fighting       | 4 5 6 7 9 |  9.6
Axes           | 5 6 7 9 10 | 10.5
Armour         | |  2.1
Dodging        | |  1.5

Action                   |  1- 3 |  4- 6 |  7- 9 || total
-------------------------+-------+-------+-------++-------
Melee: Hand axe          |    87 |    87 |       ||   174
       Flail             |       |    60 |    54 ||   114
       Whip              |       |       |    25 ||    25
Invok: Berserk           |     4 |     2 |     3 ||     9
  Use: Scroll            |       |       |     4 ||     4
  Eat: Chunk             |     3 |     6 |     4 ||    13
Armor: Animal skin       |    10 |       |       ||    10
       Ring mail         |     8 |    11 |       ||    19
       Scale mail        |       |    34 |    35 ||    69
Dodge: Dodged            |    65 |    75 |    53 ||   193
       Deflected         |       |     2 |     2 ||     4

Table legend:
 A = Non-vault XP
 B = Vault XP
 C = Vault XP percentage of total XP
 D = Non-vault monster count
 E = Vault monster count
 F = Vault count percentage of total count
                 A         B        C        D         E       F
            +---------+---------+-------+---------+---------+-------
      Total |    1400 |     698 |  33.3 |      83 |       9 |   9.8
            +---------+---------+-------+---------+---------+-------
        D:1 |      60 |      11 |  15.5 |      24 |       7 |  22.6
        D:2 |     105 |       0 |   0.0 |      24 |       0 |   0.0
        D:3 |       5 |       0 |   0.0 |       3 |       0 |   0.0
        D:4 |     580 |      36 |   5.8 |      20 |       1 |   4.8
        D:5 |     440 |     651 |  59.7 |       9 |       1 |  10.0
        D:6 |     210 |       0 |   0.0 |       3 |       0 |   0.0
            +---------+---------+-------+---------+---------+-------
